 Dungeon Crawl Stone Soup version 0.18.1-50-g88ac8fd (webtiles) character file.

90 grisgris the Shield-Bearer (level 4, -9/29 HPs)
             Began as a Gargoyle Fighter on Oct 25, 2016.
             Killed from afar by Ijyb (12 damage)
             ... with a wand of flame
             ... on level 2 of the Dungeon.
             The game lasted 00:03:16 (1400 turns).

grisgris the Shield-Bearer (Gargoyle Fighter)       Turns: 1400, Time: 00:03:17

Health: -9/29      AC: 12    Str: 25    XL:     4   Next: 56%
Magic:  4/4        EV:  8    Int:  9    God:
Gold:   98         SH: 12    Dex:  9    Spells: 0 memorised, 3 levels left

rFire  . . .     SeeInvis .     a - +0 flail
rCold  . . .     Gourm    .     b - +0 scale mail
rNeg   + . .     Faith    .     c - +0 shield
rPois  ∞         Spirit   .     (no helmet)
rElec  +         Dismiss  .     (no cloak)
rCorr  .         Reflect  .     (no gloves)
SustAt .         Harm     .     (no boots)
MR     .....     Rnd*Rage +     (no amulet)
Stlth  ..........               (no ring)
                                (no ring)

@: mighty, starving, not resistant to hostile enchantments, extremely unstealthy
A: talons 1, large bone plates 1, berserk 1, negative energy resistance 1,
electricity resistance, unbreathing, petrification resistance, rot immunity, AC
+3
a: no special abilities


You were on level 2 of the Dungeon.
You were starving.

You visited 1 branch of the dungeon, and saw 2 of its levels.

You collected 98 gold pieces.

Inventory:

Hand Weapons
 a - a +0 flail (weapon)
Armour
 b - a +0 scale mail (worn)
 c - a +0 shield (worn)
Scrolls
 e - a scroll of remove curse
 j - a scroll of recharging {unknown}
Potions
 d - 2 potions of might
 g - a potion of ambrosia {unknown}
 h - a potion of haste {unknown}
 k - a potion of curing {unknown}
Comestibles
 f - 2 bread rations
 i - 2 meat rations


   Skills:
 + Level 3.7 Fighting
 + Level 2.5 Maces & Flails
 + Level 3.8 Armour
 + Level 1.2 Dodging
 + Level 4.1 Shields


You had 3 spell levels left.
You didn't know any spells.

Dungeon Overview and Level Annotations

Branches:
Dungeon (2/15)

Altars:
Kikubaaqudgha
Makhleb
Vehumet

Annotations:
D:2 Ijyb


Innate Abilities, Weirdness & Mutations

You are resistant to torment.
Your stone body is resilient (AC +3).
You are immune to poison.
You resist negative energy.
You are resistant to electric shocks.
You can survive without breathing.
You are immune to petrification.
You are immune to rotting.
You have sharp toenails.
You are partially covered in large bone plates (AC +2, SH +2).
You tend to lose your temper in combat.


Message History

Ijyb zaps a wand.
The puff of flame hits you!
* * * LOW HITPOINT WARNING * * *
Ijyb hits you but does no damage.
You hit Ijyb but do no damage.
Ijyb is almost dead.
Ijyb zaps a wand.
You block the puff of flame.
You closely miss Ijyb. You claw Ijyb, but do no damage.
Ijyb is almost dead.
Ijyb hits you but does no damage.
You are starving!
You closely miss Ijyb. Your kick misses Ijyb.
Ijyb is almost dead.
Ijyb zaps a wand.
The puff of flame hits you!
* * * LOW HITPOINT WARNING * * *
Ijyb hits you.
* * * LOW HITPOINT WARNING * * *
Drink which item? (? for menu, Esc to quit)
You feel very mighty all of a sudden.
Ijyb zaps a wand.
The puff of flame hits you!
You die...

#<..........# ###
###.....#...# ..
#.##......# ..
#....###+##
#.#######.##.....#
#!........##.###.#
#...#.###..†.....####
###.#!# #.##.........
#...@.# #.##..#†#####
###.g.# #.......#
#.....####....#
#.###.# ###### #. .#
#. # #. ##


You could see Ijyb.

Vanquished Creatures
  2 adders (D:2)
  3 gnolls (D:2)
  A worm (D:2)
  3 dart slugs (D:1)
  A giant gecko (D:2)
  3 giant cockroaches
  4 goblins
  A hobgoblin (D:1)
  A quokka (D:2)
  3 bats (D:1)
  2 giant newts
  9 kobolds
  6 rats (D:1)
39 creatures vanquished.

Notes
Turn   | Place    | Note
--------------------------------------------------------------
     0 | D:1      | grisgris the Gargoyle Fighter began the quest for the Orb.
     0 | D:1      | Reached XP level 1. HP: 14/14 MP: 1/1
   264 | D:1      | Reached XP level 2. HP: 17/19 MP: 2/2
   510 | D:1      | Gained mutation: You have sharp toenails. [potion of mutation]
   510 | D:1      | Gained mutation: You tend to lose your temper in combat. [potion of mutation]
   510 | D:1      | Gained mutation: You are partially covered in large bone plates (AC +2, SH +2). [potion of mutation]
   609 | D:1      | Reached XP level 3. HP: 23/23 MP: 3/3
  1073 | D:2      | Found a burning altar of Makhleb.
  1084 | D:2      | Found a radiant altar of Vehumet.
  1182 | D:2      | Found an ancient bone altar of Kikubaaqudgha.
  1203 | D:2      | Reached skill level 1 in Dodging
  1250 | D:2      | Reached XP level 4. HP: 28/28 MP: 4/4
  1289 | D:2      | Reached skill level 4 in Shields
  1377 | D:2      | Noticed Ijyb
  1400 | D:2      | Killed from afar by Ijyb

Skill      XL: |  1  2  3  4 |
---------------+-------------+-----
Dodging        | 1 |  1.2
Shields        | 4 |  4.1
Fighting       | |  3.7
Maces & Flails | |  2.5
Armour         | |  3.8

Action                   |  1- 3 |  4- 6 || total
-------------------------+-------+-------++-------
Melee: Flail             |   155 |    39 ||   194
       Kick              |    12 |     7 ||    19
  Use: Scroll            |     2 |       ||     2
       Potion            |     1 |     1 ||     2
Armor: Scale mail        |    96 |    18 ||   114
Dodge: Dodged            |    62 |    10 ||    72
Block: Shield            |   101 |    22 ||   123
